 Dungeon Crawl Stone Soup version 0.21.1-1-g345015f (webtiles) character file.

116157 hyperster the Severer (level 16, -2/129 HPs)
             Began as a Demonspawn Berserker on Apr 27, 2018.
             Was a High Priest of Trog.
             Killed from afar by a deep elf annihilator (63 damage)
             ... with a crystal spear
             ... on level 3 of the Elven Halls.
             The game lasted 00:56:38 (20316 turns).

hyperster the Severer (Demonspawn Berserker)       Turns: 20316, Time: 00:56:39

Health: -2/129     AC: 37    Str: 24    XL:     16   Next: 20%
Magic:  16/16      EV: 16    Int: 12    God:    Trog [*****.]
Gold:   256        SH:  4    Dex: 17    Spells: 15/15 levels left

rFire    + . .     SeeInvis .   X - +4 executioner's axe (vamp)
rCold    + . .     Gourm    .   (shield currently unavailable)
rNeg     . . .     Faith    .   N - +5 plate armour {rF+}
rPois    .         Spirit   .   j - +1 helmet
rElec    .         Reflect  +   M - +2 cloak
rCorr    .         Harm     .   a - +2 pair of gloves
MR       ++...                  E - +0 pair of boots (curse)
Stlth    ..........             P - +4 amulet of reflection
HPRegen  0.31/turn              y - +6 ring of protection
MPRegen  0.15/turn              K - ring "Zihosavu" {MR+ Int+4 Dex+3 Stlth-}

@: berserk cooldown, slowed, very slow
A: claws 2, cold resistance 1, mutation resistance 1, spiny 2, freezing cloud
immunity, sturdy frame 2
a: Berserk, Trog's Hand, Brothers in Arms, Burn Spellbooks, Renounce Religion


You were on level 3 of the Elven Halls.
You worshipped Trog.
Trog was extremely pleased with you.
You were full.

You visited 4 branches of the dungeon, and saw 23 of its levels.
You visited 1 bazaar.
You also visited: Sewer, Ice Cave and Volcano.

You collected 2288 gold pieces.
You spent 2032 gold pieces at shops.

Inventory:

Hand Weapons
 g - a +0 blowgun
 n - a +9 antimagic battleaxe
 H - a +0 hand axe of flaming
 X - a +4 vampiric executioner's axe (weapon)
Missiles
 k - 2 throwing nets (quivered)
Armour
 a - a +2 pair of gloves (worn)
 j - a +1 helmet (worn)
 E - a cursed +0 pair of boots (worn)
 F - a scarf of spirit shield
 M - a +2 cloak (worn)
 N - a +5 plate armour of fire resistance (worn)
 Q - a +1 hat
Jewellery
 y - a +6 ring of protection (left hand)
 z - a +2 ring of slaying
 C - an uncursed ring of poison resistance
 K - the ring "Zihosavu" (right hand) {MR+ Int+4 Dex+3 Stlth-}
   (You found it on level 7 of the Dungeon)

   [ring of loudness]

   It affects your intelligence (+4).
   It affects your dexterity (+3).
   It affects your resistance to hostile enchantments.
   It makes you less stealthy.
 P - a +4 amulet of reflection (around neck)
 R - an uncursed ring of protection from fire
 U - an uncursed ring of protection from cold
 Z - an uncursed ring of see invisible
Wands
 b - a wand of enslavement (27)
 i - a wand of random effects (12)
 l - a wand of iceblast (6)
 p - a wand of flame (50)
 u - a wand of acid (6)
 v - a wand of clouds (4)
 O - a wand of disintegration (15)
 Y - a wand of paralysis (23)
Scrolls
 d - 6 scrolls of teleportation
 e - 5 scrolls of fog
 t - 13 scrolls of remove curse
 w - a scroll of torment
 x - a scroll of blinking
 A - 2 scrolls of fear
Potions
 f - 3 potions of berserk rage
 h - 5 potions of curing
 m - 4 potions of brilliance
 o - 5 potions of might
 q - 2 potions of haste
 r - 2 potions of lignification
 s - 4 potions of flight
 B - 2 potions of invisibility
 D - 2 potions of cancellation
 G - 4 potions of magic
 I - a potion of heal wounds
 V - 3 potions of resistance
 W - a potion of agility
Books
 J - a book of Misfortune

   Spells                             Type                      Level
   a - Confusing Touch                Hexes                        1
   b - Confuse                        Hexes                        3
   c - Gell's Gravitas                Translocation                3
   d - Petrify                        Transmutation/Earth          4
   e - Metabolic Englaciation         Hexes/Ice                    5
   f - Yara's Violent Unravelling     Hexes/Transmutation          5
   Trog disapproves of the use of such an item.
 L - a book of Necromancy

   Spells                             Type                      Level
   a - Pain                           Necromancy                   1
   b - Animate Skeleton               Necromancy                   1
   c - Vampiric Draining              Necromancy                   3
   d - Regeneration                   Charms/Necromancy            3
   e - Animate Dead                   Necromancy                   4
   f - Borgnjor's Vile Clutch         Necromancy/Earth             5
   Trog disapproves of the use of such an item.
Comestibles
 c - 33 rations


   Skills:
 + Level 12.8 Fighting
 * Level 17.3 Axes
 + Level 11.8 Armour
 + Level 12.4 Dodging
 - Level 1.1 Stealth


You had 15 spell levels left.
You didn't know any spells.

Dungeon Overview and Level Annotations

Branches:
Dungeon (12/15)            Temple (0/1) D:7            Lair (6/6) D:9
  Swamp (0/4) Lair:4        Snake (0/4) Lair:3        Slime (0/5) Lair:6
    Orc (2/2) D:11            Elf (3/3) Orc:2

Altars:
Cheibriados
Elyvilon
Gozag
Hepliaklqana
Kikubaaqudgha
Okawaru
Ru
Sif Muna
Uskayaw
Vehumet
Xom
Zin
Beogh
Jiyva

Shops:
D:5 *   D:10 (   Orc:1 *   Orc:2 }}!(

Annotations:
Elf:2 3 runed doors


Innate Abilities, Weirdness & Mutations

You have very sharp fingernails.
Your flesh is cold resistant. (rC+)
You are mostly covered in sharp spines.
You are immune to freezing clouds.
Your movements are less encumbered by armour. (ER -4)
You are somewhat resistant to further mutation.


Message History

Your troll barely misses the deep elf annihilator.
The deep elf annihilator casts a spell.
The deep elf annihilator blinks!
There is an open door, spattered with blood here.
Items here: ( ))))))) [[[ The deep elf annihilator gestures at you while chanting.
The bolt of lightning hits your troll. The bolt of lightning misses you.
The bolt of lightning hits you!
Your troll closely misses the deep elf annihilator.
Your troll misses the deep elf annihilator.
Your troll claws the deep elf annihilator!
The deep elf annihilator points at your troll and mumbles some strange words.
The poison arrow hits your troll.
Your troll looks as sick as possible!
Your troll dies!
Your troll's corpse disappears in a puff of smoke!
The deep elf annihilator shouts!
The deep elf annihilator gestures at you while chanting.
The crystal spear hits you!
You die...

##'##...### ###.......###
#...........# #...........#
##########...........#
.........'....e......#
##########...........#
#.........).# * #....).@..))#
### #* ##'.......)## ###.###
.#########.###(..###(###.....###
#'#.....#+## #####
##')(.(.e...## ##.......##
#))........... #.........#
#.)(.......... #.........#
#.....)....... #.........#
#............. #.....=...#
#.............


You could see a deep elf annihilator.

Vanquished Creatures
  A deep elf blademaster (Elf:3)
  Kirke (Elf:1)
  2 deep elf sorcerers
  A reaper (IceCv)
  5 deep elf demonologists
  Azrael (Orc:2)
  A deep elf death mage (Elf:3)
  4 deep elf high priests (Elf:3)
  2 hydras
  A merfolk avatar (Lair:6)
  An ogre mage (Orc:2)
  A centaur warrior (Volcano)
  8 dancing weapons
  3 two-headed ogres
  A catoblepas (Lair:6)
  A death yak (Lair:6)
  A queen ant (Lair:2)
  A two-headed ogre (shapeshifter) (Elf:1)
  A hell knight (Volcano)
  3 orc high priests
  4 deep elf knights
  Nergalle (D:11)
  2 sea snakes (Lair:6)
  4 deep elf archers
  An orc knight (Orc:2)
  Pikel (D:5)
  2 harpies (Lair:6)
  A wolf spider (Lair:2)
  12 orc sorcerers
  An ugly thing (D:11)
  43 deep elf magi
  A manticore (Lair:6)
  9 black mambas
  An ice statue (IceCv)
  10 elephants
  12 spiny frogs
  A gargoyle (D:10)
  Psyche (D:9)
  2 yaktaurs (Volcano)
  A komodo dragon (shapeshifter) (Elf:1)
  4 rime drakes (Lair:6)
  An efreet (D:10)
  7 ice devils (IceCv)
  8 komodo dragons
  4 trolls
  A hornet (Lair:2)
  9 polar bears
  Grinder (D:3)
  3 dream sheep (Lair:5)
  Prince Ribbit (D:5)
  8 blink frogs
  7 hippogriffs
  A slime creature (D:11)
  An air elemental (Elf:3)
  4 hogs
  A wyvern (D:10)
  2 water elementals
  36 yaks
  4 fire elementals
  Eustachio (D:6)
  A basilisk (Lair:3)
  3 humans
  4 hungry ghosts
  2 wargs
  7 soldier ants (Lair:2)
  19 water moccasins
  3 hell hounds (Orc:2)
  7 porcupines
  Duvessa (D:5)
  4 black bears
  3 ice beasts
  2 sky beasts
  14 orc warriors
  3 slaves (D:5)
  A phantom (D:11)
  5 ogres
  3 centaurs
  11 wolves
  The ghost of Flooderbenga the Grave Robber, an amateur GnNe of Cheibriados (D:4)
  15 crocodiles
  2 big kobolds (D:10)
  15 bullfrogs
  2 earth elementals
  A scorpion (D:7)
  Dowan (D:5)
  13 killer bees
  A troll zombie (D:11)
  An electric eel (Lair:6)
  A howler monkey (D:11)
  12 wights
  9 crimson imps
  6 hounds
  2 quasits (D:9)
  A bullfrog skeleton (D:11)
  2 centaur skeletons
  7 orc priests
  Crazy Yiuf (D:4)
  2 jellies
  Jessica (D:3)
  Ijyb (D:3)
  2 iguanas
  34 orc wizards
  4 hell rats (Lair:5)
  22 worker ants
  A killer bee zombie (D:7)
  5 ogre zombies (D:11)
  A hound zombie (D:5)
  A hound skeleton (D:7)
  2 worker ant zombies
  11 gnolls
  A river rat (D:6)
  27 adders
  4 shadow imps
  11 white imps (IceCv)
  5 ufetubi (IceCv)
  An ooze (D:3)
  An adder skeleton (D:8)
  8 worms
  13 dart slugs
  3 leopard geckos
  59 orcs
  3 giant cockroaches
  17 goblins
  10 hobgoblins
  13 jackals
  19 kobolds
  2 quokkas
  2 ball pythons
  7 bats
  6 frilled lizards
  2 goblin zombies (D:11)
  A hobgoblin skeleton (D:11)
  A leopard gecko skeleton (D:7)
  5 orc skeletons (D:11)
  11 orc zombies (D:11)
  A quokka zombie (D:4)
  11 rats
  4 fungi
  A plant (Lair:6)
776 creatures vanquished.

Vanquished Creatures (collateral kills)
  A deep elf sorcerer (Elf:3)
  2 deep elf elementalists (Elf:3)
  A deep elf annihilator (Elf:1)
  The ghost of bmj180 the Geomancer, a journeyman GrEE of Sif Muna (Lair:2)
  A deep elf high priest (Elf:3)
  2 hydras
  Erica (Lair:1)
  A dancing weapon (Elf:1)
  7 death yaks (Lair:6)
  2 deep elf magi (Elf:1)
  A black mamba (Lair:2)
  A spiny frog (Lair:6)
  A rime drake (Lair:6)
  2 ice devils (IceCv)
  A polar bear (Lair:5)
  A dream sheep (Lair:5)
  A hippogriff (Lair:6)
  A fire elemental (Elf:1)
  2 water moccasins
  2 centaurs (Volcano)
  3 hell rats (Lair:5)
  An adder (Lair:2)
  A white imp (IceCv)
  An ufetubus (IceCv)
38 creatures vanquished.

Vanquished Creatures (others)
  A deep elf mage (Elf:1)
  A human (Elf:1)
  A water moccasin zombie (D:5)
  A white imp (IceCv)
  3 ufetubi (IceCv)
  An orc (Orc:1)
  12 fungi
  31 plants
51 creatures vanquished.

Grand Total: 865 creatures vanquished

Notes
Turn   | Place    | Note
-------+----------+-------------------------------------------
     0 | D:1      | hyperster the Demonspawn Berserker began the quest for the Orb.
     0 | D:1      | Reached XP level 1. HP: 18/18 MP: 1/1
    44 | D:1      | Reached skill level 3 in Axes
    61 | D:1      | Gained mutation: Your movements are slightly less encumbered by armour. (ER -2) [demonic ancestry]
    61 | D:1      | Reached XP level 2. HP: 9/24 MP: 2/2
   732 | D:1      | Reached ** piety under Trog
   866 | D:1      | Reached XP level 3. HP: 24/29 MP: 3/3
  1280 | D:2      | Reached skill level 4 in Axes
  1506 | D:2      | Gained mutation: You have sharp fingernails. [demonic ancestry]
  1506 | D:2      | Reached XP level 4. HP: 23/35 MP: 4/4
  1938 | D:2      | Reached skill level 5 in Fighting
  1938 | D:2      | Reached skill level 6 in Axes
  1938 | D:2      | Gained mutation: Your flesh is cold resistant. (rC+) [demonic ancestry]
  1938 | D:2      | Reached XP level 5. HP: 46/46 MP: 5/5
  2025 | D:3      | Noticed Grinder
  2034 | D:3      | Killed Grinder
  2034 | D:3      | Reached skill level 1 in Stealth
  2034 | D:3      | Reached XP level 6. HP: 52/52 MP: 6/6
  2044 | D:3      | Noticed Ijyb
  2053 | D:3      | Reached skill level 7 in Axes
  2081 | D:3      | Reached *** piety under Trog
  2091 | D:3      | Killed Ijyb
  2418 | D:3      | Noticed Jessica
  2434 | D:3      | Killed Jessica
  2523 | D:3      | Found a shimmering altar of Xom.
  2524 | D:3      | Found a hazy altar of Hepliaklqana.
  2524 | D:3      | Noticed a hell beast
  2525 | D:3      | Noticed a hell beast
  2525 | D:3      | Noticed a spectral ugly thing
  2657 | D:4      | Gained mutation: You have very sharp fingernails. [demonic ancestry]
  2657 | D:4      | Reached XP level 7. HP: 49/57 MP: 7/7
  2753 | D:4      | Noticed Flooderbenga's ghost (amateur GnNe)
  2764 | D:4      | Killed Flooderbenga's ghost
  2859 | D:4      | Found a runed door.
  3067 | D:4      | Found a shimmering altar of Xom.
  3260 | D:4      | Noticed Crazy Yiuf
  3270 | D:4      | Killed Crazy Yiuf
  3332 | D:4      | Reached skill level 8 in Axes
  3349 | D:5      | Entered Level 5 of the Dungeon
  3349 | D:5      | Noticed Pikel
  3363 | D:5      | Killed Pikel
  3363 | D:5      | Reached **** piety under Trog
  3363 | D:5      | Reached XP level 8. HP: 57/64 MP: 8/8
  3367 | D:5      | Reached skill level 9 in Axes
  3554 | D:5      | Noticed Duvessa
  3646 | D:5      | Noticed Dowan
  3792 | D:5      | Found Allipuen's Assorted Antiques.
  3956 | D:5      | Killed Dowan
  3964 | D:5      | Killed Duvessa
  4055 | D:5      | Noticed Prince Ribbit
  4073 | D:5      | Killed Prince Ribbit
  4073 | D:5      | Reached XP level 9. HP: 42/69 MP: 9/9
  4347 | D:6      | Found a glowing drain.
  4351 | Sewer    | Entered a sewer
  4420 | Sewer    | Reached skill level 10 in Axes
  4844 | D:6      | Reached ***** piety under Trog
  4943 | D:6      | Noticed Eustachio
  4971 | D:6      | Killed Eustachio
  5432 | D:7      | Reached skill level 5 in Armour
  5437 | D:7      | Received a gift from Trog
  5523 | D:7      | Found a staircase to the Ecumenical Temple.
  5550 | D:7      | Reached skill level 11 in Axes
  5551 | D:7      | Gained mutation: You are partially covered in sharp spines. [demonic ancestry]
  5551 | D:7      | Reached XP level 10. HP: 76/76 MP: 6/10
  5583 | D:7      | Got a vibrating bone ring
  5745 | D:7      | Found an iron altar of Okawaru.
  5760 | D:7      | Noticed a two-headed ogre
  5768 | D:7      | Killed a two-headed ogre
  6432 | D:7      | Identified the ring "Zihosavu" {MR+ Int+4 Dex+3 Stlth-} (You found it on level 7 of the Dungeon)
  6846 | D:8      | Found an ancient bone altar of Kikubaaqudgha.
  6852 | D:8      | Found an iron altar of Okawaru.
  6853 | D:8      | Found a white marble altar of Elyvilon.
  6854 | D:8      | Found an opulent altar of Gozag.
  6854 | D:8      | Found a radiant altar of Vehumet.
  6854 | D:8      | Found a sacrificial altar of Ru.
  6856 | D:8      | Found a hide-covered altar of Uskayaw.
  6858 | D:8      | Found a snail-covered altar of Cheibriados.
  7110 | D:9      | Found a staircase to the Lair.
  7210 | D:9      | Noticed a two-headed ogre
  7221 | D:9      | Killed a two-headed ogre
  7508 | D:9      | Noticed Psyche
  7514 | D:9      | Killed Psyche
  7771 | D:9      | Gained mutation: You are frail. (-10% HP) [potion of mutation]
  7771 | D:9      | Gained mutation: You are weak. (Str -2) [potion of mutation]
  7771 | D:9      | Gained mutation: You are agile. (Dex +2) [potion of mutation]
  7771 | D:9      | Gained mutation: You have a pair of small horns on your head. [potion of mutation]
  7772 | D:9      | Lost mutation: You are weak. (Str -2) [potion of mutation]
  7772 | D:9      | Lost mutation: You are agile. (Dex +2) [potion of mutation]
  7772 | D:9      | Lost mutation: You are frail. (-10% HP) [potion of mutation]
  7772 | D:9      | Lost mutation: You have a pair of small horns on your head. [potion of mutation]
  7772 | D:9      | Gained mutation: You are somewhat resistant to further mutation. [potion of mutation]
  7803 | D:10     | Entered Level 10 of the Dungeon
  7879 | D:10     | Gained mutation: You are immune to freezing clouds. [demonic ancestry]
  7879 | D:10     | Reached XP level 11. HP: 84/84 MP: 3/11
  8071 | D:10     | Reached skill level 12 in Axes
  8217 | D:10     | Received a gift from Trog
  8354 | D:10     | Found Umulatat's Antique Weapon Shoppe.
  8357 | D:10     | Bought a glowing broad axe for 231 gold pieces
  8459 | D:11     | Found a staircase to the Orcish Mines.
  8727 | D:11     | Noticed a purple ugly thing
  8730 | D:11     | Killed a purple ugly thing
  8858 | D:11     | Received a gift from Trog
  9019 | D:11     | Noticed an eight-headed hydra
  9026 | D:11     | Killed a ten-headed hydra
  9145 | D:11     | Noticed Nergalle
  9156 | D:11     | Killed Nergalle
  9307 | Lair:1   | Entered Level 1 of the Lair of Beasts
  9611 | Lair:1   | Noticed a five-headed hydra
  9620 | Lair:1   | Killed a three-headed hydra
  9624 | Lair:1   | Noticed Erica
  9627 | Lair:1   | Gained mutation: Your movements are less encumbered by armour. (ER -4) [demonic ancestry]
  9627 | Lair:1   | Reached XP level 12. HP: 31/94 MP: 4/12
  9647 | Lair:1   | Killed Erica
 10016 | Lair:1   | Reached skill level 13 in Axes
 10333 | Lair:1   | HP: 6/141 [polar bear (7)]
 10911 | Lair:2   | Noticed bmj180's ghost (journeyman GrEE)
 10937 | Lair:2   | Killed bmj180's ghost
 10937 | Lair:2   | HP: 2/95 [wolf spider (4)]
 11165 | Lair:2   | Noticed a queen ant
 11174 | Lair:2   | Killed a queen ant
 11625 | Lair:3   | Found a staircase to the Snake Pit.
 11875 | Lair:3   | Reached XP level 13. HP: 80/101 MP: 4/13
 12554 | Lair:4   | Reached skill level 14 in Axes
 12688 | Lair:4   | Found a staircase to the Swamp.
 12793 | Lair:4   | Received a gift from Trog
 12972 | Lair:4   | Got a translucent ring mail
 12973 | Lair:4   | Identified the +2 ring mail of Entitlement {Regen+ Str+4} (You found it on level 4 of the Lair of Beasts)
 13436 | Lair:5   | Found a glowing silver altar of Zin.
 13481 | Lair:5   | Found the +12 glaive of Prune {chop}
 13572 | Lair:5   | Reached skill level 10 in Fighting
 13572 | Lair:5   | Reached skill level 10 in Dodging
 14153 | Lair:6   | Entered Level 6 of the Lair of Beasts
 14245 | Lair:6   | Received a gift from Trog
 14346 | Lair:6   | Found a frozen archway.
 14374 | Lair:6   | Reached skill level 15 in Axes
 14383 | IceCv    | Entered an ice cave
 14444 | IceCv    | Gained mutation: You are mostly covered in sharp spines. [demonic ancestry]
 14444 | IceCv    | Reached XP level 14. HP: 84/111 MP: 4/14
 14502 | IceCv    | Noticed a reaper
 14513 | IceCv    | Killed a reaper
 14559 | IceCv    | Got a dazzling war axe
 14584 | IceCv    | Identified the +7 war axe of Action {chop, Int+5 Dex+6} (You found it in an ice cave)
 14680 | Lair:6   | Found a dark tunnel.
 14691 | Volcano  | Entered a volcano
 14710 | Volcano  | Found a radiant altar of Vehumet.
 14890 | Lair:6   | Reached skill level 10 in Armour
 14945 | Lair:6   | Found a staircase to the Slime Pits.
 14946 | Lair:6   | Found a viscous altar of Jiyva.
 15242 | Lair:6   | Found the +5 scythe "Finisher" {speed, Str+3}
 15754 | Orc:1    | Entered Level 1 of the Orcish Mines
 15754 | Orc:1    | Found Illelurph's General Store.
 15806 | Orc:1    | Bought a potion of curing for 48 gold pieces
 15874 | Orc:1    | Received a gift from Trog
 15902 | Orc:1    | Bought a scroll of enchant weapon for 120 gold pieces
 16037 | Orc:2    | Entered Level 2 of the Orcish Mines
 16255 | Orc:2    | Found a runed door.
 16402 | Orc:2    | Found a staircase to the Elven Halls.
 16502 | Orc:2    | Found Hytwei's Antique Weapon Emporium.
 16540 | Orc:2    | Found an ancient bone altar of Kikubaaqudgha.
 16548 | Orc:2    | Noticed Azrael
 16569 | Orc:2    | Killed Azrael
 16572 | Orc:2    | Found Cyichetz's Gadget Shoppe.
 16602 | Orc:2    | Reached ****** piety under Trog
 16607 | Orc:2    | Found a radiant altar of Vehumet.
 16637 | Orc:2    | Found Syubloutt's Gadget Shoppe.
 16674 | Orc:2    | Found a roughly hewn altar of Beogh.
 16692 | Orc:2    | Received a gift from Trog
 16706 | Orc:2    | Found Wuplom's Distillery.
 16715 | Orc:2    | Bought a potion of curing for 45 gold pieces
 16715 | Orc:2    | Bought a potion of curing for 45 gold pieces
 16715 | Orc:2    | Bought a potion of might for 60 gold pieces
 17208 | Orc:2    | Reached skill level 16 in Axes
 17231 | Orc:2    | Found a roughly hewn altar of Beogh.
 17361 | Elf:1    | Entered Level 1 of the Elven Halls
 17415 | Elf:1    | Reached XP level 15. HP: 115/120 MP: 15/15
 17618 | Elf:1    | Found a flickering gateway to a bazaar.
 17625 | Bazaar   | Entered a bazaar
 17625 | Bazaar   | Found Hiohuq's General Store.
 17629 | Bazaar   | Bought a scroll of identify for 22 gold pieces
 17629 | Bazaar   | Bought a potion of haste for 110 gold pieces
 17629 | Bazaar   | Bought a wand of iceblast (6) for 110 gold pieces
 17632 | Bazaar   | Found Wuufry's Antique Armour Shop.
 17633 | Bazaar   | Found Fono's Antique Weapon Shop.
 17651 | Bazaar   | Found Onasyky's Magic Scroll Emporium.
 17662 | Bazaar   | Found Ythrat's Jewellery Boutique.
 17705 | Bazaar   | Bought an embroidered cloak for 165 gold pieces
 17735 | Bazaar   | Bought a scroll of enchant weapon for 105 gold pieces
 17735 | Bazaar   | Bought a scroll of acquirement for 728 gold pieces
 17746 | Bazaar   | Bought a +4 amulet of reflection for 243 gold pieces
 17751 | Bazaar   | Got an ancient plate armour
 17752 | Bazaar   | Identified the +8 plate armour of the Quahog {MR- Str+5} (You acquired it in a bazaar)
 18312 | Elf:1    | Noticed Kirke
 18323 | Elf:1    | Killed Kirke
 18383 | Elf:1    | Noticed a deep elf sorcerer
 18389 | Elf:1    | Killed a deep elf sorcerer
 18427 | Elf:1    | Identified the Incunabulum of Supportive Battle Magic
 18611 | Elf:2    | Received a gift from Trog
 18643 | Elf:2    | Found a deep blue altar of Sif Muna.
 19161 | Elf:2    | Found a runed gate.
 19161 | Elf:2    | Found a runed gate.
 19161 | Elf:2    | Found a runed gate.
 19292 | Elf:3    | Entered Level 3 of the Elven Halls
 19488 | Elf:3    | Reached skill level 17 in Axes
 19651 | Elf:3    | Noticed a Brimstone Fiend
 19706 | Elf:3    | Noticed a deep elf sorcerer
 19712 | Elf:3    | Killed a deep elf sorcerer
 19715 | Elf:3    | Reached XP level 16. HP: 129/129 MP: 16/16
 19887 | Elf:3    | Received a gift from Trog
 19896 | Elf:3    | Noticed an Executioner
 19900 | Elf:3    | Noticed an Executioner
 20266 | Elf:3    | Noticed a deep elf blademaster
 20300 | Elf:3    | Killed a deep elf blademaster
 20316 | Elf:3    | Killed from afar by a deep elf annihilator

Skill      XL: |  1  2  3  4  5  6  7  8  9 10 11 12 13 14 15 |
---------------+----------------------------------------------+-----
Axes           | 3 4 6 7 8 9 11 12 13 15 16 17 | 17.3
Fighting       | 5 6 7 8 9 10 11 12 | 12.8
Armour         | 4 5 6 7 8 9 10 11 | 11.8
Dodging        | 6 7 8 9 10 11 12 | 12.4
Stealth        | 1 |  1.1

Action                   |  1- 3 |  4- 6 |  7- 9 | 10-12 | 13-15 | 16-18 || total
-------------------------+-------+-------+-------+-------+-------+-------++-------
Melee: Hand axe          |    99 |   119 |   478 |     5 |       |       ||   701
       Battleaxe         |       |       |    24 |   554 |   412 |       ||   990
       Executioner's axe |       |       |       |       |   417 |    60 ||   477
Invok: Berserk           |     4 |     2 |    15 |    12 |    10 |     1 ||    44
       Trog's Hand       |       |     1 |       |     1 |    17 |     2 ||    21
       Brothers in Arms  |       |       |       |     3 |     8 |     3 ||    14
       Burn Spellbooks   |       |       |       |       |     3 |       ||     3
Evoke: Wand              |       |       |     8 |       |     3 |       ||    11
  Use: Scroll            |       |    14 |     4 |     8 |    29 |     1 ||    56
       Potion            |       |     1 |       |     4 |     1 |     1 ||     7
 Stab: Sleeping          |     1 |       |       |       |       |       ||     1
       Petrified         |       |       |       |       |     2 |       ||     2
       Petrifying        |       |       |       |       |     1 |       ||     1
       Distracted        |       |       |       |       |       |     1 ||     1
  Eat: Chunk             |     5 |     7 |    23 |    26 |    23 |       ||    84
       Ration            |       |       |     1 |     3 |     8 |     3 ||    15
Armor: Animal skin       |    12 |     8 |       |       |       |       ||    20
       Ring mail         |       |    36 |   144 |    83 |       |       ||   263
       Chain mail        |       |       |       |   252 |   155 |       ||   407
       Plate armour      |       |       |       |       |   363 |    76 ||   439
Dodge: Dodged            |    76 |   116 |   312 |   475 |   617 |    61 ||  1657
Block: Other             |       |       |       |       |    28 |     4 ||    32
       Reflection        |       |       |       |       |     7 |       ||     7
